 Dungeon Crawl Stone Soup version 0.30-a0-908-g5a111fc481 (webtiles) character file.

Game seed: 10025497840835968083

54 sanka the Chopper (level 3, -4/34 HPs)
             Began as a Hill Orc Monk on Mar 19, 2023.
             Slain by a gnoll
             ... wielding a +1 whip of electrocution
              (7 damage)
             ... on level 2 of the Dungeon on Mar 20, 2023.
             The game lasted 00:03:10 (2079 turns).

sanka the Chopper (Hill Orc Monk)                   Turns: 2079, Time: 00:03:11

Health: -4/34      AC:  2    Str: 15    XL:     3   Next: 91%
Magic:  3/3        EV: 12    Int: 10    God:
Gold:   74         SH:  0    Dex: 13    Spells: 2/2 levels left

rFire   . . .      SeeInvis .    a - +0 hand axe
rCold   . . .      Faith    .    (no shield)
rNeg    . . .      Spirit   .    b - +0 robe
rPois   .          Reflect  .    (no helmet)
rElec   .          Rampage  .    (no cloak)
rCorr   .                        (no gloves)
Will    .....                    (no boots)
Stlth   ++                       (no amulet)
HPRegen 0.25/turn                (no ring)
MPRegen 0.08/turn                (no ring)

@: no status effects
A: no striking features
a: no special abilities


You were on level 2 of the Dungeon.
You visited 1 branch of the dungeon, and saw 3 of its levels.

You collected 74 gold pieces.


   Skills:
 + Level 4.3 Fighting
 * Level 5.6 Axes
 - Level 2.4 Dodging
 - Level 1.5 Stealth


You had 2 spell levels left.
You didn't know any spells.
Your spell library contained the following spells:

 Spells                   Type           Power      Damage    Failure   Level
 Gell's Gravitas          Tloc           0%         N/A       75%         3
 Teleport Other           Tloc           0%         N/A       75%         3
 Dispersal                Tloc           0%         N/A       100%        6

Inventory:

Hand Weapons
 a - a +0 hand axe (weapon)
Armour
 b - a +0 robe (worn)
Jewellery
 m - a ring of flight
Wands
 n - a wand of mindburst (12)
Scrolls
 f - 4 scrolls of identify {unknown}
 h - a scroll of enchant armour {unknown}
 i - a scroll of immolation {unknown}
 j - 4 scrolls of teleportation {unknown}
 o - a scroll of torment {unknown}
 p - 3 scrolls of acquirement {unknown}
Potions
 c - a potion of ambrosia
 d - a potion of heal wounds {unknown}
 e - a potion of might {unknown}
 g - a potion of flight {unknown}
 k - a potion of berserk rage {unknown}
 l - a potion of mutation {unknown}
 q - a potion of attraction {unknown}

Dungeon Overview and Level Annotations

Branches:
Dungeon (3/15)

Altars:

Shops:
D:2 ([(:

▒ ▒.▒ ▒.▒ ▒.▒ ▒ ▒▒▒.▒ ▒.▒ ▒.▒ ▒
▒...▒ ▒.▒ ▒.▒ ▒ ▒.▒▒▒
▒▒.▒▒▒▒▒▒▒▒▒▒▒.▒ ▒ ▒.▒
▒..............▒ ▒ ▒.▒
▒..▒▒▒▒▒▒▒▒▒▒▒▒▒ ▒ ▒▒▒.▒▒▒▒▒▒▒..▒
▒▒▒▒▒▒▒▒▒ ▒ ▒........g▒..▒
▒........ ▒▒▒▒▒▒▒▒.▒.▒▒▒▒▒o▒..▒
▒.▒▒▒▒▒▒.
.........[.▒▒▒▒▒)▒..▒▒▒▒▒.▒ ▒▒..∩
▒▒▒▒▒▒▒▒.▒..........<.....▒▒▒..▒.
▒.▒.▒▒▒▒▒.▒.▒▒▒▒▒▒▒▒†.....
▒.▒.▒▒▒▒▒.▒.▒ ▒.▒....
▒.▒<......▒.▒ ▒.▒.▒▒.
▒.▒▒▒▒▒▒▒.▒.▒ ▒.▒.▒▒.
▒.▒▒▒▒▒▒▒.▒.▒▒▒▒▒▒▒▒.▒.▒▒▒
▒.........▒..........▒.▒


You could see a gnoll.


Message History

You climb downwards.
The gnoll shouts!
The gnoll shouts!
The gnoll throws a stone.
The stone misses you.
There is a stone staircase leading up here.
Unknown command.
The gnoll hits you with a +1 whip of electrocution!
There is a stone staircase leading up here.
The gnoll barely misses you.
You climb upwards.
There is a stone staircase leading down here.
Unknown command.
You hit the gnoll.
The gnoll is lightly wounded.
The gnoll hits you but does no damage.
You hit the gnoll but do no damage.
The gnoll is lightly wounded.
The gnoll hits you with a +1 whip of electrocution.
You are electrocuted!
* * * LOW HITPOINT WARNING * * *
Unknown command.
You hit the gnoll.
The gnoll is moderately wounded.
The gnoll hits you with a +1 whip of electrocution.
* * * LOW HITPOINT WARNING * * *
You closely miss the gnoll.
The gnoll is moderately wounded.
The gnoll hits you with a +1 whip of electrocution!
You die...

Action                     || total
---------------------------++-------
  Melee: Hand axe          ||    78
         Punch             ||     1
   Stab: Sleeping          ||     3
 Armour: Robe              ||     7
  Dodge: Dodged            ||    51

Levels and vault maps discovered:
D:1:      ncdulo_lavacross, layout_basic
D:2:      layout_loops_ring, nicolae_ecumenical_lake_church, serial_shops,
          nicolae_square_shop, shop, nicolae_shop_crystal, shop
D:3:      corexii_shack_village, layout_basic, slow_altar_2,
          mainiacjoe_overflow_cross_hatched

Notes
Turn   | Place    | Note
-------+----------+-------------------------------------------
     0 | D:1      | sanka the Hill Orc Monk began the quest for the Orb.
     0 | D:1      | Reached XP level 1. HP: 19/19 MP: 1/1
   153 | D:1      | Reached XP level 2. HP: 23/27 MP: 2/2
  1066 | D:2      | Found Meresicw's Antique Weapon Shop.
  1080 | D:2      | Reached skill level 4 in Fighting
  1232 | D:2      | Reached skill level 5 in Axes
  1243 | D:2      | Found Wonkiogg's Book Shop.
  1312 | D:2      | Found Ficull's Weapon Emporium.
  1324 | D:2      | Found Weumesoa's Armour Shop.
  1394 | D:2      | Reached XP level 3. HP: 13/33 MP: 3/3
  1496 | D:2      | Found a faded altar of an unknown god.
  1946 | D:3      | HP: 3/33 [gnoll/+0 halberd (13)]
  2078 | D:2      | HP: 3/34 [gnoll/+1 whip of electrocution (4)]
  2079 | D:2      | Slain by a gnoll

Vanquished Creatures
  2 gnolls
  An adder (D:2)
  3 bats
  2 endoplasms (D:1)
  A goblin (D:2)
  2 hobgoblins
  4 jackals (D:2)
  A quokka (D:2)
  2 frilled lizards
  3 kobolds
  6 rats
27 creatures vanquished.
